 Dungeon Crawl Stone Soup version 0.27-a0-988-g25969acef8 (webtiles) character file.

Game seed: 13404563746894340173

260 Mesmaeker13 the Conjurer (level 5, -6/37 HPs)
             Began as a Palentonga Conjurer on Apr 15, 2021.
             Mangled by a lemure (10 damage)
             ... led by Pikel
             ... on level 4 of the Dungeon.
             The game lasted 00:04:37 (4284 turns).

Mesmaeker13 the Conjurer (Palentonga Conjurer)      Turns: 4284, Time: 00:04:38

Health: -6/37      AC:  5    Str: 10    XL:     5   Next: 95%
Magic:  1/10       EV: 10    Int: 20    God:
Gold:   118        SH:  0    Dex:  8    Spells: 4/11 levels left

rFire    . . .     SeeInvis +   v - +1 dagger (venom)
rCold    . . .     Faith    .   (no shield)
rNeg     . . .     Spirit   .   a - +0 robe
rPois    .         Reflect  .   s - +0 helmet
rElec    .         Harm     .   (no cloak)
rCorr    .         Rampage  .   (no gloves)
Will     .....                  (no barding)
Stlth    +.........             n - amulet of regeneration
HPRegen  1.12/turn              j - ring of wizardry
MPRegen  0.12/turn              (no ring)

@: no status effects
A: large, rugged brown scales 3, see invisible, deformed body, roll 1, armoured
tail
a: Rolling Charge


You were on level 4 of the Dungeon.
You visited 1 branch of the dungeon, and saw 4 of its levels.

You collected 118 gold pieces.

Inventory:

Hand Weapons
 r - a +1 short sword of holy wrath
 v - a +1 dagger of venom (weapon)
Missiles
 d - 5 atropa-tipped darts
Armour
 a - a +0 robe (worn)
 s - a +0 helmet (worn)
Jewellery
 j - a ring of wizardry (left hand)
 n - an amulet of regeneration (around neck)
Wands
 l - a wand of iceblast (9)
 o - a wand of flame (16)
Scrolls
 g - a scroll of teleportation
 h - a scroll of fog
 i - 2 scrolls of vulnerability
 p - a scroll of holy word {unknown}
 t - a scroll of magic mapping {unknown}
Potions
 b - 2 potions of mutation
 c - a potion of flight {unknown}
 e - a potion of might
 f - a potion of brilliance {unknown}
 k - 2 potions of haste
 u - a potion of cancellation {unknown}


   Skills:
 + Level 3.1 Dodging
 - Level 1.2 Stealth
 + Level 3.5 Spellcasting
 + Level 4.7 Conjurations
 + Level 1.4 Hexes


You had 4 spell levels left.
You knew the following spells:

 Your Spells              Type           Power      Damage    Failure   Level
a - Magic Dart            Conj           88%        1d7       1%          1
b - Searing Ray           Conj           44%        3d4       1%          2
c - Fulminant Prism       Conj/Hex       7%         3d7       16%         4

Your spell library contained the following spells:

 Spells                   Type           Power      Damage    Failure   Level
 Dazzling Flash           Conj/Hex       30%        N/A       4%          3
 Beastly Appendage        Tmut           6%         N/A       6%          1
 Sting                    Tmut/Pois      12%        1d3       6%          1
 Poisonous Vapours        Pois/Air       6%         N/A       9%          2
 Wereblood                Tmut           3%         N/A       9%          2
 Mephitic Cloud           Conj/Pois/Air  9%         N/A       9%          3
 Ignite Poison            Fire/Tmut/Pois 3%         N/A       16%         3
 Spider Form              Tmut/Pois      1%         N/A       16%         3
 Iskenderun's Mystic Bla  Conj/Tloc      12%        2d5       21%         4
 Ice Form                 Ice/Tmut       3%         N/A       45%         4
 Olgreb's Toxic Radiance  Pois           3%         N/A       45%         4
 Hydra Form               Tmut           1%         N/A       80%         5


Dungeon Overview and Level Annotations

Branches:
Dungeon (4/15)
 Temple: D:4-7

Altars:

Annotations:
D:4 Pikel


Innate Abilities, Weirdness & Mutations

You are completely covered in rugged brown scales. (AC +3, +7% HP)
You have supernaturally acute eyesight. (SInv)
Armour fits poorly on your strangely shaped body.
You can roll at nearby foes to attack.
You have a long armoured tail.


Message History

Unknown command.
The searing ray misses Pikel.
You finish channeling your searing ray.
A lemure comes into view.
Unknown command.
Unknown command.
Casting: Searing Ray (safe; 1% risk of failure)
Confirm with . or Enter, or press ? or * to list all spells.
Aiming: Searing Ray (safe; 1% risk of failure)
Press: ? - help, Shift-Dir - straight line, f/p - Pikel
Aim: Pikel, wielding a +2 whip of electrocution and wearing a +2 robe of cold resistance (heavily wounded, 72% to hit)
The searing ray hits Pikel.
Pikel is heavily wounded. (Press . to maintain the ray.) Pikel hits you with a +2 whip of electrocution.
The lemure hits you but does no damage. The lemure hits you!
The searing ray hits Pikel but does no damage.
Pikel is heavily wounded.
Pikel closely misses you. The lemure hits you but does no damage.
The lemure closely misses you.
Unknown command.
The searing ray hits Pikel but does no damage.
Pikel is heavily wounded.
Pikel hits you with a +2 whip of electrocution.
The lemure hits you but does no damage.
Unknown command.
The searing ray hits Pikel but does no damage.
Pikel is heavily wounded.
You finish channeling your searing ray.
Pikel says, "You'll feel the lick of my whip!"
Pikel barely misses you. The lemure hits you but does no damage.
The lemure hits you. The lemure completely misses you.
Unknown command.
Pikel hits you with a +2 whip of electrocution!
The lemure misses you. The lemure hits you.
* * * LOW HITPOINT WARNING * * *
The lemure hits you.
* * * LOW HITPOINT WARNING * * *
Unknown command.
Pikel closely misses you. The lemure hits you!
You die...

# ## #...
## .#. .#
.. .#
##.#5#
##.##.5K5#
......5@#
##....###
#..# #.


You could see Pikel and 4 lemures.

Vanquished Creatures
  5 orc priests (D:3)
  Robin (D:3)
  4 adders
  8 orcs (D:3)
  3 ball pythons
  4 endoplasms
  3 giant cockroaches
  13 goblins
  4 hobgoblins
  4 quokkas
  3 bats
  4 frilled lizards
  2 kobolds
  4 rats
62 creatures vanquished.

Vanquished Creatures (others)
  4 fulminant prisms (D:3)
  5 plants (D:2)
9 creatures vanquished.

Grand Total: 71 creatures vanquished

Notes
Turn   | Place    | Note
-------+----------+-------------------------------------------
     0 | D:1      | Mesmaeker13 the Palentonga Conjurer began the quest for the
                  | Orb.
     0 | D:1      | Reached XP level 1. HP: 13/13 MP: 3/3
    88 | D:1      | Found a faded altar of an unknown god.
   530 | D:1      | Reached XP level 2. HP: 20/20 MP: 3/5
  1722 | D:2      | Learned a level 2 spell: Searing Ray
  1742 | D:2      | Reached skill level 4 in Conjurations
  1742 | D:2      | Reached XP level 3. HP: 16/25 MP: 0/6
  2785 | D:3      | HP: 1/25 [orc priest/+0 dagger (3)]
  2787 | D:3      | Reached XP level 4. HP: 1/32 MP: 1/8
  3321 | D:3      | Learned a level 4 spell: Fulminant Prism
  3351 | D:3      | Reached XP level 5. HP: 37/37 MP: 1/9
  3565 | D:3      | Noticed Robin
  3598 | D:3      | Killed Robin
  3924 | D:3      | Reached skill level 1 in Hexes
  4273 | D:4      | Noticed Pikel
  4273 | D:4      | Noticed a lemure
  4273 | D:4      | Noticed a lemure
  4274 | D:4      | Noticed a lemure
  4277 | D:4      | Noticed a lemure
  4284 | D:4      | Mangled by a lemure

Illustrated notes

Levels and vault maps discovered:
D:1:      dpeg_arrival_tiny_d, layout_loops_ring, basic_ecumenical_altar
D:2:      layout_basic, serial_bayou, serial_bayou_ford_a,
          serial_bayou_lagoon_a, serial_bayou_lake_a, serial_bayou_shore_a,
          grunt_decor_arrowhead
D:3:      layout_rooms, uniq_robin
D:4:      minmay_door_path, layout_basic, trog_three_pillars_becter,
          nicolae_gozag_cash_rules_everything_around_me, uniq_eustachio,
          uniq_crazy_yiuf_cottage, uniq_pikel

Skill      XL: |  1  2  3  4  5 |
---------------+----------------+-----
Dodging        | 2 3 |  3.1
Conjurations   | 4 |  4.7
Spellcasting   | 3 |  3.5
Hexes          | 1 |  1.4
Stealth        | |  1.2

Action                   |  1- 3 |  4- 6 || total
-------------------------+-------+-------++-------
Melee: Dagger            |    14 |     7 ||    21
       Unarmed           |     5 |       ||     5
       Tailslap          |     1 |       ||     1
       Hand axe          |     3 |       ||     3
       Mace              |     1 |    10 ||    11
 Cast: Magic Dart        |    39 |    40 ||    79
       Searing Ray       |     4 |     2 ||     6
       Fulminant Prism   |       |     4 ||     4
 Abil: Rolling Charge    |     1 |       ||     1
Evoke: Wand              |       |     8 ||     8
  Use: Scroll            |     5 |     1 ||     6
 Stab: Sleeping          |     1 |       ||     1
Armor: Robe              |     9 |     9 ||    18
Dodge: Dodged            |    17 |    22 ||    39

Table legend: (Time is in decaauts)
 A = Elapsed time spent in this place.
 B = Non-inter-level travel time spent in this place.
 C = Inter-level travel time spent in this place.
 D = Time resting spent in this place.
 E = Time spent auto-exploring this place.
 F = Levels seen in this place.
 G = Mean time per level.
                   A        B        C        D        E       F      G
               +--------+--------+--------+--------+--------+-----+--------+
         Total |   4357 |   4214 |    143 |   1784 |   1949 |   4 | 1089.2 |
       Dungeon |   4357 |   4214 |    143 |   1784 |   1949 |   4 | 1089.2 |
               +--------+--------+--------+--------+--------+-----+--------+

Top non-repeatable levels by time:
     D:2: 1756 daAuts
     D:3: 1301 daAuts
     D:1: 1289 daAuts
     D:4: 10 daAuts
